 Dungeon Crawl Stone Soup version 0.30-a0-297-g0ec75d9ef4 (webtiles) character file.

Game seed: 2439240436626872257

978 Kinoniko the Cleaver (level 7, -1/85 HPs)
             Began as a Minotaur Berserker on Oct 18, 2022.
             Was a Priest of Trog.
             Succumbed to a killer bee's poison
             ... on level 5 of the Dungeon.
             The game lasted 00:04:22 (4378 turns).

Kinoniko the Cleaver (Minotaur Berserker)           Turns: 4378, Time: 00:04:22

Health: -1/85      AC:  4    Str: 24    XL:     7   Next: 95%
Magic:  6/6        EV: 11    Int:  4    God:    Trog [***...]
Gold:   47         SH:  0    Dex:  9    Spells: 6/6 levels left

rFire   . . .      SeeInvis .    t - +0 war axe
rCold   . . .      Faith    +    (no shield)
rNeg    . . .      Spirit   .    l - +1 leather armour {Will+}
rPois   .          Reflect  .    (helmet restricted)
rElec   .          Harm     .    (no cloak)
rCorr   .          Rampage  .    (no gloves)
Will    +....                    (no boots)
Stlth   ..........               n - amulet of faith
HPRegen 0.34/turn                (no ring)
MPRegen 0.10/turn                (no ring)

@: berserking (expiring), lethally poisoned (-1 -> -11), very quick
A: horns 2, retaliatory headbutt
a: Renounce Religion, Berserk, Trog's Hand


You were on level 5 of the Dungeon.
You worshipped Trog.
Trog was most pleased with you.
You visited 1 branch of the dungeon, and saw 5 of its levels.

You collected 173 gold pieces.
You spent 126 gold pieces at shops.

Inventory:

Hand Weapons
 a - a +0 hand axe
 t - a +0 war axe (weapon)
Armour
 b - a +0 animal skin
 e - a +0 ring mail
 l - a +1 leather armour of willpower (worn)
Jewellery
 n - an amulet of faith (around neck)
Wands
 m - a wand of flame (13)
 o - a wand of acid (4)
 p - a wand of roots (3)
Scrolls
 f - a scroll of blinking
 q - a scroll of fog
 s - a scroll of brand weapon
 v - 2 scrolls of immolation
Potions
 c - a potion of degeneration {unknown}
 d - 2 potions of curing {unknown}
 g - a potion of berserk rage {unknown}
 h - 2 potions of resistance {unknown}
 i - a potion of brilliance {unknown}
 j - 2 potions of flight {unknown}
 k - 2 potions of heal wounds {unknown}
 u - 2 potions of mutation {unknown}
 w - a potion of attraction {unknown}


   Skills:
 - Level 3.6 Fighting
 * Level 11.5 Axes
 - Level 2.4 Armour
 - Level 2.1 Dodging


You had 6 spell levels left.
You didn't know any spells.
Your spell library was empty.

Dungeon Overview and Level Annotations

Branches:
Dungeon (5/15)
 Temple: D:4-7

Altars:
Fedhas
Kikubaaqudgha
Nemelex Xobeh

Shops:
D:3 ?


Innate Abilities, Weirdness & Mutations

You have a pair of horns on your head.
You reflexively headbutt those who attack you in melee.


Message History

Unknown command.
You slash the killer bee!
You kill the killer bee!
Trog accepts your kill.
You feel sick.
The killer bee stings you but does no damage.
You closely miss the killer bee.
You feel sick. The killer bee stings you.
* * * LOW HITPOINT WARNING * * *
You are more poisoned.
The killer bee poisons you!
You closely miss the killer bee. Your headbutt misses the killer bee.
You feel sick. The killer bee completely misses you.
You closely miss the killer bee.
You feel sick.
The killer bee stings you but does no damage.
Unknown command.
You slice the killer bee!!
You kill the killer bee!
Trog accepts your kill.
You feel sick. The killer bee barely misses you. You furiously retaliate!
You headbutt the killer bee. You closely miss the killer bee.
The killer bee is moderately wounded.
You feel sick.
The killer bee stings you but does no damage.
Unknown command.
You slash the killer bee!
You kill the killer bee!
Trog accepts your kill.
You feel sick.
You miss the killer bee. Your headbutt misses the killer bee.
You feel sick. The killer bee stings you.
* * * LOW HITPOINT WARNING * * *
Unknown command.
You barely miss the killer bee.
You feel sick. The killer bee barely misses you. The killer bee stings you.
* * * LOW HITPOINT WARNING * * *
You are more poisoned.
The killer bee poisons you!
You closely miss the killer bee. Your headbutt misses the killer bee.
You die...

#.# #.# #.#
#.# #.# #.#
#.#
#.##########+#
#.....@yhyggg.
###########...


You could see a gnoll bouda, a hound, 2 killer bees and 2 gnolls.

Vanquished Creatures
  2 black bears (D:4)
  An ogre (D:3)
  A scorpion (D:4)
  4 killer bees (D:5)
  2 vampire bats (D:3)
  2 hounds
  An iguana (D:4)
  Ijyb (D:3)
  An orc wizard (D:3)
  Natasha (thrice) (D:2)
  Robin (D:3)
  3 gnolls (D:5)
  A river rat (D:3)
  6 adders
  A worm (D:4)
  2 dart slugs (D:4)
  5 orcs
  4 ball pythons
  5 bats
  2 bat skeletons (D:3)
  4 bat zombies (D:3)
  5 endoplasms (D:3)
  4 giant cockroaches
  8 goblins
  7 hobgoblins
  7 kobolds
  4 quokkas
  5 frilled lizards
  6 rats
98 creatures vanquished.

Vanquished Creatures (collateral kills)
  A frilled lizard (D:3)
1 creature vanquished.

Grand Total: 99 creatures vanquished

Notes
Turn   | Place    | Note
-------+----------+-------------------------------------------
     0 | D:1      | Kinoniko the Minotaur Berserker began the quest for the
                  | Orb.
     0 | D:1      | Reached XP level 1. HP: 19/19 MP: 0/0
   139 | D:1      | Reached skill level 4 in Axes
   227 | D:1      | Reached XP level 2. HP: 22/26 MP: 1/1
  1296 | D:2      | Noticed Natasha
  1303 | D:2      | Noticed a crimson imp
  1309 | D:2      | Killed Natasha
  1310 | D:2      | Reached skill level 5 in Axes
  1310 | D:2      | Reached XP level 3. HP: 26/31 MP: 2/2
  1701 | D:2      | Noticed Natasha
  1707 | D:2      | Killed Natasha
  1708 | D:2      | Reached skill level 6 in Axes
  1708 | D:2      | Reached XP level 4. HP: 24/39 MP: 3/3
  1866 | D:2      | Noticed Natasha
  1875 | D:2      | Killed Natasha
  1886 | D:3      | Noticed Robin
  1894 | D:3      | Killed Robin
  1895 | D:3      | Reached ** piety under Trog
  1968 | D:3      | Reached skill level 7 in Axes
  1968 | D:3      | Reached XP level 5. HP: 42/45 MP: 4/4
  2163 | D:3      | Found a blossoming altar of Fedhas.
  2168 | D:3      | Noticed an ogre
  2176 | D:3      | Killed an ogre
  2177 | D:3      | Reached skill level 8 in Axes
  2269 | D:3      | Noticed Ijyb
  2277 | D:3      | Killed Ijyb
  2278 | D:3      | Reached XP level 6. HP: 51/51 MP: 5/5
  2506 | D:3      | Found a sparkling altar of Nemelex Xobeh.
  2586 | D:3      | Found a glowing drain.
  2772 | D:3      | Reached *** piety under Trog
  2778 | D:3      | Found an ancient bone altar of Kikubaaqudgha.
  2789 | D:3      | Reached skill level 9 in Axes
  2950 | D:3      | Found Komaz's Magic Scroll Emporium.
  2953 | D:3      | Bought a scroll of identify for 22 gold pieces
  2953 | D:3      | Bought a scroll of brand weapon for 104 gold pieces
  3466 | D:4      | Reached XP level 7. HP: 52/57 MP: 6/6
  3512 | D:4      | Reached skill level 10 in Axes
  4081 | D:5      | Entered Level 5 of the Dungeon
  4368 | D:5      | Reached skill level 11 in Axes
  4377 | D:5      | HP: 1/85 [killer bee (6)]
  4378 | D:5      | Succumbed to a killer bee's poison

Illustrated notes

Levels and vault maps discovered:
D:1:      minmay_arrival_split_and_join, layout_basic, minmay_misc_feat_encased
D:2:      layout_basic, minmay_stone_trees_small, uniq_natasha
D:3:      layout_basic, kennysheep_vampire_church, fedhas_ov_isle_minmay,
          mainiacjoe_overflow_24_doors, serial_shops, nicolae_shop_behind_doors,
          portal_sewer_entry_e, uniq_ijyb, uniq_robin
D:4:      layout_basic, kennysheep_nondescript, kennysheep_generic_room_16
D:5:      layout_basic

Skill      XL: |  1  2  3  4  5  6  7 |
---------------+----------------------+-----
Axes           | 4 5 6 7 8 9 11 | 11.5
Fighting       | |  3.6
Armour         | |  2.4
Dodging        | |  2.1

Action                   |  1- 3 |  4- 6 |  7- 9 || total
-------------------------+-------+-------+-------++-------
Melee: Hand axe          |    51 |   134 |    17 ||   202
       Headbutt          |     7 |    19 |    11 ||    37
       Punch             |     1 |     2 |     1 ||     4
       War axe           |       |       |    32 ||    32
Invok: Berserk           |     1 |     3 |     1 ||     5
  Use: Scroll            |       |     2 |     2 ||     4
 Stab: Sleeping          |     1 |       |       ||     1
Armor: Ring mail         |    17 |       |       ||    17
       Leather armour    |       |    46 |     9 ||    55
Dodge: Dodged            |    22 |    71 |    28 ||   121

Table legend: (Time is in decaauts)
 A = Elapsed time spent in this place.
 B = Non-inter-level travel time spent in this place.
 C = Inter-level travel time spent in this place.
 D = Time resting spent in this place.
 E = Time spent auto-exploring this place.
 F = Levels seen in this place.
 G = Mean time per level.
                   A        B        C        D        E       F      G
               +--------+--------+--------+--------+--------+-----+--------+
         Total |   4401 |   4249 |    152 |     64 |   3628 |   5 |  880.2 |
       Dungeon |   4401 |   4249 |    152 |     64 |   3628 |   5 |  880.2 |
               +--------+--------+--------+--------+--------+-----+--------+

Top non-repeatable levels by time:
     D:3: 1216 daAuts
     D:1: 1034 daAuts
     D:4: 994 daAuts
     D:2: 867 daAuts
     D:5: 289 daAuts
